 Dungeon Crawl Stone Soup version 0.26-a0-812-g31a745ddcd (webtiles) character file.

Game seed: 3179872168955302473

81 Dracia the Conjurer (level 4, 0/33 HPs)
             Began as a Draconian Conjurer on Dec 5, 2020.
             Slain by a gnoll
             ... wielding a +0 spear
              (6 damage)
             ... on level 2 of the Dungeon.
             The game lasted 00:02:31 (1652 turns).

Dracia the Conjurer (Draconian Conjurer)            Turns: 1652, Time: 00:02:31

Health: 0/33       AC:  5    Str:  6 (9)  XL:     4   Next: 20%
Magic:  8/8        EV: 12    Int: 17 (19) God:
Gold:   141        SH:  0    Dex:  7 (10) Spells: 3/9 levels left

rFire    . . .     SeeInvis .   c - +0 spear
rCold    . . .     Faith    .   (no shield)
rNeg     . . .     Spirit   .   (armour unavailable)
rPois    .         Reflect  .   (helmet restricted)
rElec    .         Harm     .   (no cloak)
rCorr    .         Rampage  .   (no gloves)
MR       .....                  (no boots)
Stlth    +.........             (no amulet)
HPRegen  0.11/turn              (no ring)
MPRegen  0.11/turn              (no ring)

@: no status effects
A: unfitting armour, cold-blooded, AC +5
a: no special abilities


You were on level 2 of the Dungeon.
You visited 1 branch of the dungeon, and saw 2 of its levels.

You collected 141 gold pieces.


Innate Abilities, Weirdness & Mutations

Your plain brown scales are hard. (AC +5)
You cannot fit into any form of body armour.
You are cold-blooded and may be slowed by cold attacks.


   Skills:
 - Level 1.7 Dodging
 - Level 1.7 Stealth
 + Level 3.2 Spellcasting
 + Level 4.9 Conjurations


You had 3 spell levels left.
You knew the following spells:

 Your Spells              Type           Power        Failure   Level
d - Dazzling Flash        Conj/Hex       ##....       19%         3
s - Searing Ray           Conj           ###...       3%          2
z - Magic Dart            Conj           ###.         2%          1

Your spell library contained the following spells:

 Spells                   Type           Power        Failure   Level
 Fulminant Prism          Conj/Hex       ##........   52%         4
 Iskenderun's Mystic Bla  Conj/Tloc      ##......     52%         4

Inventory:

Hand Weapons
 c - a +0 spear (weapon)
Jewellery
 M - an uncursed ring of protection from magic
Scrolls
 b - 4 scrolls of identify {unknown}
 d - a scroll of noise {unknown}
 f - a scroll of fog {unknown}
 g - a scroll of enchant armour {unknown}
Potions
 a - a potion of degeneration

Dungeon Overview and Level Annotations

Branches:
Dungeon (2/15)

Altars:

#(.......#
#........#
#........#
#...)....#
#........#
####........######
#>.....†..........
#.g.............).
#@################
#.# #.##########
#..........#
#..........#
##..†......#
##.........#
#..........#
#..........#


You could see a gnoll.


Message History

The gnoll hits you with a +0 club.
The gnoll hits you from afar with a +0 spear.
* * * LOW HITPOINT WARNING * * *
The goblin closely misses you.
You are too injured to fight recklessly!
It was a potion of degeneration.
There was something very wrong with that liquid.
You feel weakened.
You feel dopey.
You feel clumsy. The gnoll hits you with a +0 club.
* * * LOW HITPOINT WARNING * * *
You hit the gnoll.
The gnoll is severely wounded.
The gnoll hits you but does no damage. x2
You hit the gnoll. You tail-slap the gnoll.
You kill the gnoll!
The gnoll hits you but does no damage. The goblin closely misses you.
You hit the goblin.
You kill the goblin!
The gnoll hits you from afar with a +0 spear.
* * * LOW HITPOINT WARNING * * *
The gnoll hits you with a +0 spear.
* * * LOW HITPOINT WARNING * * *
Things that are here:
a +0 club; a +0 club; a gnoll corpse It was a potion of magic.
Magic courses through your body. The gnoll barely misses you.
You closely miss the gnoll.
The gnoll is moderately wounded.
The gnoll hits you with a +0 spear.
You die...

Skill      XL: |  1  2  3 |
---------------+----------+-----
Spellcasting   | 3 |  3.2
Dodging        | |  1.7
Stealth        | |  1.7
Conjurations   | |  4.9

Action                   |  1- 3 |  4- 6 || total
-------------------------+-------+-------++-------
Melee: Unarmed           |    17 |       ||    17
       Spear             |   125 |     9 ||   134
       Tailslap          |    13 |     1 ||    14
 Cast: Magic Dart        |    18 |       ||    18
       Searing Ray       |     2 |     1 ||     3
  Use: Potion            |       |     2 ||     2
 Stab: Sleeping          |     1 |       ||     1
Armor: Skin              |    39 |     4 ||    43
Dodge: Dodged            |   121 |     8 ||   129

Levels and vault maps discovered:
D:1:      lightli_arrival_statuegarden, layout_basic
D:2:      layout_basic

Notes
Turn   | Place    | Note
-------+----------+-------------------------------------------
     0 | D:1      | Dracia the Draconian Conjurer began the quest for the Orb.
     0 | D:1      | Reached XP level 1. HP: 14/14 MP: 3/3
   242 | D:1      | Reached XP level 2. HP: 19/20 MP: 5/5
   394 | D:1      | Learned a level 2 spell: Searing Ray
  1064 | D:2      | Reached XP level 3. HP: 26/26 MP: 2/7
  1498 | D:2      | Reached skill level 3 in Spellcasting
  1535 | D:2      | Learned a level 3 spell: Dazzling Flash
  1625 | D:2      | Reached XP level 4. HP: 33/33 MP: 0/8
  1652 | D:2      | Slain by a gnoll

Vanquished Creatures
  3 gnolls (D:2)
  An adder (D:2)
  A worm (D:2)
  A dart slug (D:1)
  2 leopard geckos
  A giant cockroach (D:1)
  5 goblins
  3 hobgoblins (D:1)
  3 jackals (D:1)
  A ball python (D:2)
  5 bats
  2 frilled lizards (D:1)
  5 kobolds
  4 rats
37 creatures vanquished.

Table legend: (Time is in decaauts)
 A = Elapsed time spent in this place.
 B = Non-inter-level travel time spent in this place.
 C = Inter-level travel time spent in this place.
 D = Time resting spent in this place.
 E = Time spent auto-exploring this place.
 F = Levels seen in this place.
 G = Mean time per level.
                   A        B        C        D        E       F      G
               +--------+--------+--------+--------+--------+-----+--------+
         Total |   1664 |   1634 |     30 |    181 |   1143 |   2 |  832.0 |
       Dungeon |   1664 |   1634 |     30 |    181 |   1143 |   2 |  832.0 |
               +--------+--------+--------+--------+--------+-----+--------+

Top non-repeatable levels by time:
     D:1: 1049 daAuts
     D:2: 615 daAuts

Table legend:
 A = Non-vault XP
 B = Vault XP
 C = Vault XP percentage of total XP
 D = Non-vault monster count
 E = Vault monster count
 F = Vault count percentage of total count
                 A         B        C        D         E       F
            +---------+---------+-------+---------+---------+-------
      Total |     117 |       0 |   0.0 |      37 |       0 |   0.0
            +---------+---------+-------+---------+---------+-------
        D:1 |      38 |       0 |   0.0 |      21 |       0 |   0.0
        D:2 |      79 |       0 |   0.0 |      16 |       0 |   0.0
            +---------+---------+-------+---------+---------+-------
